 Dungeon Crawl Stone Soup version 0.30-a0-629-gd54f4be4f7 (webtiles) character file.

Game seed: 1840765177813923369

120393 Dirtsage the Transmogrifier (level 16, -26/162 HPs)
             Began as an Octopode Transmuter on Jan 12, 2023.
             Was the Champion of the Shining One.
             Annihilated by an eldritch tentacle (46 damage)
             ... in a wizard's laboratory on Jan 13, 2023.
             The game lasted 01:20:46 (24163 turns).

Dirtsage the Transmogrifier (Octopode Transmuter)  Turns: 24163, Time: 01:20:46

Health: -26/162    AC: 20    Str: 25    XL:     16   Next: 82%
Magic:  19/25      EV: 21    Int: 29    God:    the Shining One [******]
Gold:   1481       SH:  0    Dex: 13    Spells: 6/28 levels left

rFire   + + .      SeeInvis .      - Unarmed
rCold   . . .      Faith    .    (shield currently unavailable)
rNeg    + + +      Spirit   .    (helmet currently unavailable)
rPois   +          Reflect  .    U - amulet of regeneration
rElec   .          Harm     .    f - +6 ring of strength
rCorr   .          Rampage  .    W - ring of wizardry
Will    ++...                    y - +6 ring of intelligence
Stlth   +                        v - +4 ring of protection
HPRegen 1.27/turn                G - +5 ring of evasion
MPRegen 0.19/turn                E - ring of willpower
                                 K - +5 ring of evasion
                                 I - ring of protection from cold

@: dragon-form, wereblooded, flying, glowing
A: dragon claw, dragon scales, breathe fire, flying, boosted hp, almost no
armour, amphibious, 8 rings, giant, (camouflage 1), (gelatinous body 1), (nimble
swimmer 1), (tentacles)
a: Breathe Fire, End Transformation, Renounce Religion, Divine Shield, Cleansing
Flame, Summon Divine Warrior, Brand Weapon With Holy Wrath


You were in a wizard's laboratory.
You worshipped the Shining One.
The Shining One was exalted by your worship.
You were a fearsome dragon!
You visited 5 branches of the dungeon, and saw 24 of its levels.
You also visited: Ossuary, Volcano and Wizlab.

You collected 4357 gold pieces.
You spent 2876 gold pieces at shops.

Inventory:

Missiles
 u - 15 atropa-tipped darts
 X - 3 curare-tipped darts
Armour
 Y - the +0 hat of Valour (melded) {rF+ Will+ Str+4 Int+4}
   (You acquired it on level 12 of the Dungeon)

   Str:       It affects your strength (+4).
   Int:       It affects your intelligence (+4).
   rF:        It protects you from fire.
   Will:      It increases your willpower.
Magical Staves
 N - a staff of air
Jewellery
 b - the ring "Vuny" {Fire Str+7 SInv Stlth-}
   (You bought it in a shop on level 10 of the Dungeon)

   [ring of fire]

   It enhances your fire magic.
   Str:       It affects your strength (+7).
   rF:        It protects you from fire.
   rC:        It makes you vulnerable to cold.
   SInv:      It lets you see invisible.
   Stlth:     It makes you less stealthy.
 f - a +6 ring of strength (left foreclaw)
 v - a +4 ring of protection (on tentacle)
 x - a ring of ice
 y - a +6 ring of intelligence (on tentacle)
 E - a ring of willpower (on tentacle)
 F - a ring of protection from fire
 G - a +5 ring of evasion (on tentacle)
 I - a ring of protection from cold (on tentacle)
 K - a +5 ring of evasion (on tentacle)
 Q - a ring of magical power
 S - a ring of see invisible
 U - an amulet of regeneration (around neck)
 W - a ring of wizardry (right foreclaw)
Wands
 m - a wand of flame (17)
 r - a wand of mindburst (10)
 D - a wand of digging (21)
 O - a wand of light (2)
 R - a wand of roots (16)
 T - a wand of charming (20)
Scrolls
 e - 6 scrolls of silence
 g - 8 scrolls of fear
 i - 6 scrolls of identify
 j - 4 scrolls of poison
 k - 3 scrolls of amnesia
 o - 6 scrolls of magic mapping
 p - 5 scrolls of enchant weapon
 t - 12 scrolls of teleportation
 w - 2 scrolls of vulnerability
 A - 5 scrolls of summoning
 B - 4 scrolls of blinking
 H - 7 scrolls of immolation
 J - 2 scrolls of fog
 M - a scroll of enchant armour
 V - 2 scrolls of brand weapon
Potions
 a - 6 potions of lignification
 c - 9 potions of mutation
 d - 4 potions of might
 h - 3 potions of haste
 l - 8 potions of heal wounds
 n - 3 potions of resistance
 q - 15 potions of curing
 s - 3 potions of berserk rage
 z - 8 potions of attraction
 C - 2 potions of ambrosia
 L - 3 potions of flight
 P - 4 potions of brilliance
 Z - a potion of cancellation


   Skills:
 + Level 9.7 Fighting
 + Level 9.9 Dodging
 + Level 11.8 Unarmed Combat
 - Level 6.6 Spellcasting
 + Level 13.1 Transmutations
 - Level 8.0 Ice Magic
 * Level 8.6 Air Magic
 - Level 12.2 Earth Magic
 - Level 12.0 Invocations


You had 6 spell levels left.
You knew the following spells:

 Your Spells              Type           Power      Damage    Failure   Level
a - Ice Form              Ice/Tmut       63%        N/A       1%          4
b - Wereblood             Tmut           72%        N/A       1%          2
c - Statue Form           Tmut/Erth      46%        N/A       1%          6
d - Dragon Form           Tmut           36%        N/A       9%          7
e - Frozen Ramparts       Ice            100%       1d16      1%          3

Your spell library contained the following spells:

 Spells                   Type           Power      Damage    Failure   Level
 Beastly Appendage        Tmut           100%       N/A       1%          1
 Ensorcelled Hibernation  Hex/Ice        64%        N/A       1%          2
 Ignite Poison            Fire/Tmut/Pois 35%        N/A       1%          3
 Kindle Blastsparks       Fire/Tloc/Air  52%        2d14      1%          3
 Spider Form              Tmut/Pois      47%        N/A       1%          3
 Airstrike                Air            28%        2d(4-20)  1%          4
 Leda's Liquefaction      Hex/Erth       22%        N/A       1%          4
 Petrify                  Tmut/Erth      70%        N/A       1%          4
 Lee's Rapid Deconstruct  Erth           34%        3d17*     1%          5
 Apportation              Tloc           18%        N/A       2%          1
 Necrotise                Necr           36%        1d5       2%          1
 Slow                     Hex            36%        N/A       2%          1
 Summon Small Mammal      Summ           36%        N/A       2%          1
 Scorch                   Fire           18%        2d6       3%          2
 Summon Lightning Spire   Summ/Air       34%        N/A       3%          4
 Summon Ice Beast         Ice/Summ       32%        N/A       4%          4
 Borgnjor's Vile Clutch   Necr/Erth      22%        N/A       4%          5
 Yara's Violent Unravell  Hex/Tmut       23%        3d10      4%          5
 Call Canine Familiar     Summ           9%         N/A       6%          3
 Confusing Touch          Hex            9%         N/A       6%          3
 Gell's Gravitas          Tloc           9%         N/A       6%          3
 Summon Guardian Golem    Hex/Summ       9%         N/A       6%          3
 Teleport Other           Tloc           9%         N/A       6%          3
 Vampiric Draining        Necr           9%         2d6       6%          3
 Freezing Cloud           Conj/Ice/Air   20%        6-21      6%          5
 Lightning Bolt           Conj/Air       17%        1d31      11%         5
 Metabolic Englaciation   Hex/Ice        16%        N/A       12%         5
 Anguish                  Hex/Necr       4%         N/A       21%         4
 Animate Dead             Necr           9%         N/A       21%         4
 Cause Fear               Hex            4%         N/A       21%         4
 Flame Wave               Conj/Fire      9%         2d6       21%         4
 Sticky Flame             Conj/Fire      9%         2d3       21%         4
 Eringya's Noxious Bog    Tmut/Pois      23%        N/A       22%         6
 Summon Forest            Summ/Tloc      4%         N/A       50%         5
 Death Channel            Necr           4%         N/A       96%         6
 Dispersal                Tloc           4%         N/A       96%         6
 Summon Cactus Giant      Summ           4%         N/A       96%         6
 Summon Hydra             Summ           4%         N/A       100%        7
 Discord                  Hex            4%         N/A       100%        8
 Ignition                 Fire           4%         3d4       100%        8
 Dragon's Call            Summ           4%         N/A       100%        9


Dungeon Overview and Level Annotations

Branches:
Dungeon (15/15)            Temple (1/1) D:5            Lair (5/5) D:9
 Shoals (0/4) Lair:2        Snake (0/4) Lair:2        Slime (0/5) Lair:5
    Orc (2/2) D:10            Elf (1/3) Orc:2        Vaults (0/5) D:13
 Depths (0/4) D:15        Ossuary (visited)         Volcano (visited)
 WizLab (1/1)

Altars:
Ashenzari
Cheibriados
Dithmenos
Elyvilon
Fedhas
Hepliaklqana
Kikubaaqudgha
Makhleb
Nemelex Xobeh
Ru
Sif Muna
Trog
Uskayaw
Vehumet
Wu Jian
Xom
Yredelemnul
Zin
The Shining One
Jiyva

Shops:
D:2 [   D:6 **(   D:10 *   D:12 ?   Orc:2 [?*(:   Elf:1 [

Annotations:
D:5 1 runed translucent door, Crazy Yiuf WizLab 11 transporters


Innate Abilities, Weirdness & Mutations

You are a fearsome dragon!
You have a powerful clawing attack.
Your giant scaled body is strong and resiliant, but less evasive.
You can breathe fire.
You are flying.
Your maximum health is greatly increased.
Your armour is entirely melded.
You are incapable of wielding weapons or throwing items.
You cannot wear most types of armour.
You are amphibious.
You can wear up to eight rings at the same time.
((Your skin changes colour to match your surroundings (Stealth+).))
((Your rubbery body absorbs attacks. (AC +1, EV +1)))
((You are camouflaged when in or above water. (Stealth+)))
((You have tentacles for arms and can constrict up to eight enemies at once.))


Message History

The quasit claws you but does no damage.
An eldritch tentacle segment comes into view.
You maul the obsidian statue!!!
You destroy the obsidian statue!
You feel your power returning.
The quasit disappears in a puff of smoke!
The crimson imp disappears in a puff of smoke! x2
The eldritch tentacle slaps you but does no damage.
The eldritch tentacle claws you! The eldritch tentacle freezes you!!!
You take 52 damage, and have 110/162 hp.
MASSIVE DAMAGE!!
You regained 2 mp, and now have 19/25 mp.
You bite the eldritch tentacle!!
You tail-slap the eldritch tentacle, but do no damage.
You claw the eldritch tentacle, but do no damage.
The eldritch tentacle is lightly damaged.
The eldritch tentacle slaps you but does no damage.
The eldritch tentacle claws you but does no damage.
You bite the eldritch tentacle!!
You tail-slap the eldritch tentacle, but do no damage.
You bite the eldritch tentacle.
The eldritch tentacle is moderately damaged.
The eldritch tentacle slaps you! The eldritch tentacle shocks you!!
The eldritch tentacle misses you.
You take 32 damage, and have 79/162 hp.
You claw the eldritch tentacle!
You tail-slap the eldritch tentacle, but do no damage.
The eldritch tentacle is heavily damaged.
The eldritch tentacle slaps you but does no damage.
The eldritch tentacle claws you! The eldritch tentacle freezes you!!
* * * LOW HITPOINT WARNING * * *
You take 48 damage, and have 31/162 hp.
MASSIVE DAMAGE!!
The eldritch tentacle completely misses you. x2
You maul the eldritch tentacle!!!
The eldritch tentacle is almost destroyed.
The eldritch tentacle slaps you but does no damage.
The eldritch tentacle claws you!
* * * LOW HITPOINT WARNING * * *
The eldritch tentacle freezes you!!!
You die...

##.≈..#≈.######.8.######.##..#.##
##..#.#.#.##.#..#....##.#.#..##..
≈#..#...8#..#.#...#.#..#8#.#.###.
....#.#.≈#######∩#######..#)##..#
.##≈.###.##.#..###§§# ##.##≈..#..
.#....##.#.©#...#§§§#∩.#..###.###
####.##.####[.....§.§####.##..##.
.#..##...#§§=......!(..#.###.##..
###.###.##§§..[#D#.....##...##...
.##....#.##§..##w##...##.#...#...
..##..8##©##..?*_....##©≈#8..##..
...#.....##./.##.##.:.##.#.#..##.
∩..#.##.##.[...#.#...§§##.##..###
..##..#..#..[.....).§§^#.####..#.
.###....####.=§§.?..§####.##.....
###..###.#.©#§§.#...#©.#.####.##.
#.#..#.#.##.#§.###..#.##.≈#..#.#.


You could see an eldritch tentacle.

Vanquished Creatures
  A profane servitor (WizLab)
  2 tentacled starspawn (WizLab)
  An orc warlord (Orc:1)
  A red draconian (Volcano)
  A green draconian (WizLab)
  A blizzard demon (WizLab)
  Snorg (D:10)
  Harold (Orc:1)
  A rakshasa (WizLab)
  5 hydras
  An ogre mage (D:15)
  2 catoblepae
  3 centaur warriors (D:13)
  4 dancing weapons
  Erica (D:9)
  7 two-headed ogres
  4 boulder beetles
  A radroach (shapeshifter) (D:15)
  A tengu warrior (D:14)
  A deep troll shaman (Lair:5)
  4 orc high priests (Orc:2)
  11 death yaks
  Urug (D:13)
  2 deep elf knights (Elf:1)
  2 deep trolls (D:15)
  A salamander mystic (Volcano)
  Pikel (D:7)
  A necromancer (D:15)
  4 deep elf archers
  An obsidian statue (WizLab)
  A lindwurm (Lair:5)
  2 orc knights
  3 deep elf pyromancers
  4 wizards
  10 deep elf zephyrmancers
  4 orc sorcerers
  4 ugly things
  2 mana vipers (WizLab)
  A manticore (shapeshifter) (D:15)
  5 salamanders (Volcano)
  2 manticores
  14 elephants
  3 worldbinders (WizLab)
  3 cyclopes
  2 guardian serpents (D:14)
  A demonic crawler (WizLab)
  Joseph (Lair:1)
  7 black mambas
  The ghost of jackserious the Trooper, a novice HuCA of Ignis (D:6)
  10 unseen horrors
  12 cane toads
  2 kobold demonologists (D:12)
  A demonspawn skeleton (WizLab)
  4 yaktaurs (D:13)
  A tengu conjurer (D:14)
  10 komodo dragons
  3 rime drakes
  An ancient zyme (WizLab)
  A wind drake (Lair:2)
  2 polar bears
  3 trolls
  2 hornets
  A raiju (shapeshifter) (D:14)
  25 blink frogs
  A large abomination (WizLab)
  A shadow (D:11)
  6 slime creatures
  An air elemental (Elf:1)
  3 wraiths
  6 basilisks
  4 vampires
  2 water elementals (Elf:1)
  5 wyverns
  69 yaks
  A fire elemental (Elf:1)
  2 steam dragons
  3 spatial vortices (WizLab)
  4 vampire mosquitoes (D:12)
  2 acid dragons
  4 wargs
  15 water moccasins
  Edmund (D:4)
  3 nagas (Lair:2)
  A meliai simulacrum (D:14)
  Duvessa (D:7)
  3 ice beasts
  29 orc warriors
  3 black bears
  2 hornet zombies (Ossuary)
  2 sky beasts
  A boggart (D:13)
  12 centaurs
  6 ogres
  A lemure (D:7)
  44 wolves
  5 kobold brigands
  9 bullfrogs
  3 gnoll sergeants
  2 scorpions
  3 wyvern zombies (Ossuary)
  2 necrophages
  Dowan (D:7)
  A water moccasin zombie (Ossuary)
  19 wights
  5 killer bees (D:7)
  9 howler monkeys
  2 electric eels
  7 bullfrog zombies (Ossuary)
  2 centaur zombies (Ossuary)
  2 hounds
  3 jellies (D:5)
  44 orc priests
  A gnoll bouda (D:6)
  Jessica (D:2)
  Ijyb (D:4)
  2 iguanas
  Natasha (thrice) (D:2)
  35 orc wizards
  3 killer bee zombies (Ossuary)
  16 mummies
  3 howler monkey zombies (Ossuary)
  Robin (D:2)
  21 gnolls
  4 adders
  A shadow imp (D:7)
  A white imp (D:6)
  An ufetubus (D:5)
  2 worms
  4 dart slugs
  81 orcs
  7 ball pythons
  8 bats
  7 endoplasms
  7 giant cockroaches
  16 goblins
  6 hobgoblins
  18 kobolds
  4 quokkas
  5 frilled lizards
  10 rats
  3 starspawn tentacles (WizLab)
845 creatures vanquished.

Vanquished Creatures (collateral kills)
  A thrashing horror (WizLab)
1 creature vanquished.

Vanquished Creatures (others)
  A deep elf zephyrmancer (D:13)
  A bush (Lair:5)
  22 fungi
  18 plants
  2 starspawn tentacles (WizLab)
  A withered plant (Ossuary)
45 creatures vanquished.

Grand Total: 891 creatures vanquished

Notes
Turn   | Place    | Note
-------+----------+-------------------------------------------
     0 | D:1      | Dirtsage the Octopode Transmuter began the quest for the
                  | Orb.
     0 | D:1      | Reached XP level 1. HP: 13/13 MP: 3/3
   118 | D:1      | Reached skill level 1 in Ice Magic
   118 | D:1      | Reached XP level 2. HP: 14/18 MP: 3/5
   304 | D:1      | Reached XP level 3. HP: 22/23 MP: 4/6
   371 | D:1      | Learned a level 2 spell: Wereblood
   464 | D:1      | Found a faded altar of an unknown god.
   612 | D:1      | Reached skill level 3 in Transmutations
   981 | D:2      | Noticed Natasha
   987 | D:2      | Killed Natasha
   988 | D:2      | Reached XP level 4. HP: 12/28 MP: 5/7
  1114 | D:2      | Noticed Robin
  1131 | D:2      | Killed Robin
  1307 | D:2      | Noticed Jessica
  1316 | D:2      | Killed Jessica
  1317 | D:2      | Reached XP level 5. HP: 6/33 MP: 6/8
  1548 | D:2      | Found Syligoukk's Armour Emporium.
  1601 | D:2      | Noticed Natasha
  1608 | D:2      | Killed Natasha
  1609 | D:2      | Reached skill level 4 in Transmutations
  1847 | D:3      | Learned a level 4 spell: Ice Form
  2114 | D:2      | Noticed Natasha
  2117 | D:2      | Killed Natasha
  2118 | D:2      | Reached XP level 6. HP: 28/38 MP: 7/9
  2333 | D:3      | Found a sparkling altar of Nemelex Xobeh.
  3196 | D:4      | Noticed Ijyb
  3207 | D:4      | Killed Ijyb
  3303 | D:4      | Noticed a sky beast
  3318 | D:4      | Reached skill level 5 in Transmutations
  3322 | D:4      | Killed a sky beast
  3323 | D:4      | Reached skill level 5 in Ice Magic
  3323 | D:4      | Reached XP level 7. HP: 11/43 MP: 7/10
  3571 | D:4      | Noticed Edmund
  3588 | D:4      | Killed Edmund
  3771 | D:4      | Reached skill level 6 in Transmutations
  3986 | D:4      | Reached XP level 8. HP: 46/48 MP: 7/11
  4691 | D:5      | Entered Level 5 of the Dungeon
  4811 | D:5      | Found a staircase to the Ecumenical Temple.
  4820 | Temple   | Entered the Ecumenical Temple
  4868 | Temple   | Became a worshipper of the Shining One
  5201 | D:5      | Found a sand-covered staircase.
  5209 | Ossuary  | Entered an ossuary
  5235 | Ossuary  | Reached * piety under the Shining One
  5253 | Ossuary  | Reached skill level 7 in Transmutations
  5305 | Ossuary  | Reached ** piety under the Shining One
  5322 | Ossuary  | Reached XP level 9. HP: 55/55 MP: 7/12
  5515 | Ossuary  | Reached *** piety under the Shining One
  5516 | Ossuary  | Reached skill level 5 in Unarmed Combat
  6059 | D:5      | Found a runed translucent door.
  6060 | D:5      | Noticed Crazy Yiuf
  6493 | D:6      | Reached skill level 8 in Transmutations
  6777 | D:6      | Found Nuxior's Antique Weapon Emporium.
  6781 | D:6      | Found Istroureogg's General Store.
  6805 | D:6      | Found Hiemu's Assorted Antiques.
  6879 | D:6      | Bought a wand of light (4) for 168 gold pieces
  7010 | D:6      | Found a runed translucent door.
  7044 | D:6      | Found a shimmering altar of Xom.
  7044 | D:6      | Noticed jackserious's ghost (novice HuCA)
  7045 | D:6      | Noticed a +0 short sword of chaos
  7300 | D:7      | Reached XP level 10. HP: 63/63 MP: 13/13
  7466 | D:7      | Noticed Duvessa
  7466 | D:7      | Noticed Dowan
  7474 | D:7      | Killed Dowan
  7475 | D:7      | Killed Duvessa
  7476 | D:7      | Reached skill level 1 in Invocations
  7653 | D:7      | Noticed Pikel
  7662 | D:7      | Killed Pikel
  7959 | D:7      | Reached **** piety under the Shining One
  7960 | D:7      | Reached skill level 5 in Dodging
  8634 | D:8      | Reached skill level 5 in Fighting
  8792 | D:8      | Noticed a two-headed ogre
  8802 | D:8      | Killed a two-headed ogre
  9159 | D:8      | Reached skill level 5 in Invocations
  9221 | D:8      | Reached XP level 11. HP: 72/72 MP: 14/14
  9558 | D:9      | Noticed Erica
  9568 | D:9      | Killed Erica
  9599 | D:9      | Found a staircase to the Lair.
  9600 | D:9      | Saving game... please wait.
  9887 | D:9      | Reached ***** piety under the Shining One
 10241 | D:9      | Identified a scroll of acquirement
 10243 | D:9      | Acquired 733 gold pieces
 10250 | D:9      | Saving game... please wait.
 10290 | D:10     | Entered Level 10 of the Dungeon
 10290 | D:10     | Noticed Snorg
 10351 | Lair:1   | Entered Level 1 of the Lair of Beasts
 10351 | Lair:1   | Noticed Joseph
 10365 | Lair:1   | Killed Joseph
 10818 | Lair:1   | Noticed a catoblepas
 10831 | Lair:1   | Killed a catoblepas
 10832 | Lair:1   | Reached XP level 12. HP: 39/80 MP: 18/18
 11297 | Lair:1   | Reached skill level 10 in Unarmed Combat
 11329 | Lair:1   | You fall into a shaft and drop 1 floor!
 11691 | Lair:2   | Noticed a five-headed hydra
 11698 | Lair:2   | Killed a five-headed hydra
 11761 | Lair:2   | Acquired a book of Sloth
 11770 | Lair:2   | Learned a level 6 spell: Statue Form
 11812 | Lair:2   | Reached skill level 1 in Earth Magic
 11896 | Lair:2   | Reached skill level 10 in Invocations
 11913 | Lair:2   | Acquired a Fen Folio
 12046 | Lair:2   | Found a staircase to the Shoals.
 12422 | Lair:2   | Found a staircase to the Snake Pit.
 12686 | Lair:3   | Reached skill level 5 in Earth Magic
 12705 | Lair:3   | Reached XP level 13. HP: 86/86 MP: 20/20
 12794 | Lair:3   | Reached skill level 9 in Transmutations
 13432 | Lair:3   | Learned a level 3 spell: Frozen Ramparts
 13800 | Lair:4   | Reached skill level 10 in Transmutations
 14908 | Lair:5   | Entered Level 5 of the Lair of Beasts
 14964 | Lair:5   | Reached XP level 14. HP: 82/92 MP: 23/23
 15066 | Lair:5   | Found a viscous altar of Jiyva.
 15066 | Lair:5   | Found a staircase to the Slime Pits.
 15125 | Lair:5   | Reached skill level 10 in Earth Magic
 15264 | Lair:5   | Reached skill level 11 in Transmutations
 15340 | Lair:5   | Identified the amulet "Falieh" {Acrobat Contam Dex+6 SInv}
 15343 | Lair:5   | Got the Parchment of Indecent Exposure
 15345 | Lair:5   | Identified the +3 falchion of the End {antimagic, Fly rElec
                  | Will++ Str-4}
 15351 | Lair:5   | Identified the +1 pair of gloves "Fifracri" {Will+ Str-2
                  | Int+5}
 16353 | D:10     | Found a staircase to the Orcish Mines.
 16422 | D:10     | Killed Snorg
 16423 | D:10     | Reached skill level 1 in Air Magic
 16441 | D:10     | Reached ****** piety under the Shining One
 16685 | D:10     | Found Nouckomm's Assorted Antiques.
 16691 | D:10     | Bought a potion of haste for 270 gold pieces
 16691 | D:10     | Bought a scroll of blinking for 202 gold pieces
 16691 | D:10     | Bought an inky potion for 24 gold pieces
 16691 | D:10     | Bought a scroll of teleportation for 81 gold pieces
 16691 | D:10     | Bought a faintly glowing wooden ring for 135 gold pieces
 16691 | D:10     | Identified the ring "Vuny" {Fire Str+7 SInv Stlth-} (You
                  | bought it in a shop on level 10 of the Dungeon)
 17442 | D:12     | Reached XP level 15. HP: 99/99 MP: 24/24
 17520 | D:12     | Reached skill level 12 in Transmutations
 17650 | D:12     | Found Yrojesah's Magic Scroll Shop.
 17661 | D:12     | Bought a scroll of identify for 32 gold pieces
 17661 | D:12     | Bought a scroll of magic mapping for 120 gold pieces
 17661 | D:12     | Bought a scroll of identify for 32 gold pieces
 17661 | D:12     | Bought a scroll of teleportation for 48 gold pieces
 17666 | D:12     | Acquired the +0 hat of Valour {rF+ Will+ Str+4 Int+4}
 17723 | D:12     | Found a burning altar of Makhleb.
 17781 | D:12     | Acquired 1110 gold pieces
 18305 | Orc:1    | Entered Level 1 of the Orcish Mines
 18546 | Orc:1    | Noticed Harold
 18557 | Orc:1    | Killed Harold
 18638 | Orc:1    | Noticed an orc warlord
 18655 | Orc:1    | Killed an orc warlord
 18875 | Orc:2    | Entered Level 2 of the Orcish Mines
 18900 | Orc:2    | Found Lagell's Armour Boutique.
 18980 | Orc:2    | Found a staircase to the Elven Halls.
 19139 | Orc:2    | Found a dark tunnel.
 19144 | Volcano  | Entered a volcano
 19190 | Volcano  | Identified the +2 hat "Husadoi" {rPois rF+ rN+}
 19280 | Volcano  | Reached skill level 5 in Air Magic
 19449 | Orc:2    | Found Domnal's Book Shoppe.
 19449 | Orc:2    | Found Jeijeu's Magic Scroll Emporium.
 19449 | Orc:2    | Found Loas's Antique Weapon Shoppe.
 19456 | Orc:2    | Found Yjisothru's Assorted Antiques.
 19462 | Orc:2    | Bought a book of the Dragon for 736 gold pieces
 19462 | Orc:2    | Bought a Trismegistus Codex for 448 gold pieces
 19464 | Orc:2    | Bought a potion of heal wounds for 165 gold pieces
 19464 | Orc:2    | Bought an encrusted ruby ring for 165 gold pieces
 20028 | D:6      | Bought a ring of protection from cold for 250 gold pieces
 20051 | D:6      | Killed jackserious's ghost
 20055 | D:6      | Identified the +2 chain mail "Voqingyiq" {rN+}
 20357 | D:13     | Learned a level 7 spell: Dragon Form
 20367 | D:13     | Saving game... please wait.
 20455 | D:13     | Found a gate to the Vaults.
 20510 | D:13     | Noticed Urug
 20514 | D:13     | Killed Urug
 20550 | D:13     | Acquired 382 gold pieces
 21981 | D:14     | Reached skill level 5 in Spellcasting
 22153 | D:15     | Entered Level 15 of the Dungeon
 22270 | D:15     | Reached XP level 16. HP: 107/107 MP: 15/25
 22412 | D:15     | Found a staircase to the Depths.
 23054 | Elf:1    | Entered Level 1 of the Elven Halls
 23413 | Elf:1    | Found Xann's Armour Shop.
 23447 | Elf:1    | Found a magical portal.
 23453 | WizLab   | Entered The Roulette of Golubria
 23453 | WizLab   | Found a transporter.
 23458 | WizLab   | Found a corrupted altar of Lugonu.
 23479 | WizLab   | Found a transporter.
 23479 | WizLab   | Found the +1 cloak of Starlight {*Dazzle EV+4 Stlth--}
 23496 | WizLab   | Noticed a tentacled starspawn
 23501 | WizLab   | Killed a tentacled starspawn
 23505 | WizLab   | Found a transporter.
 23508 | WizLab   | Noticed a tentacled starspawn
 23512 | WizLab   | Killed a tentacled starspawn
 23513 | WizLab   | Reached skill level 13 in Transmutations
 23531 | WizLab   | Found a transporter.
 23628 | WizLab   | Found a corrupted altar of Lugonu.
 23694 | WizLab   | Found a transporter.
 23696 | WizLab   | Noticed a tentacled starspawn
 23732 | WizLab   | Found a transporter.
 23732 | WizLab   | Found a transporter.
 23759 | WizLab   | Found a transporter.
 23835 | WizLab   | Noticed a profane servitor
 23842 | WizLab   | Found a corrupted altar of Lugonu.
 23845 | WizLab   | Found a transporter.
 23877 | WizLab   | Found a transporter.
 23887 | WizLab   | Found a transporter.
 23915 | WizLab   | Found a transporter.
 23954 | WizLab   | Found a transporter.
 23960 | WizLab   | Found a transporter.
 24046 | WizLab   | Found a transporter.
 24046 | WizLab   | Found a transporter.
 24055 | WizLab   | Killed a profane servitor
 24093 | WizLab   | Found a transporter.
 24106 | WizLab   | Found a transporter.
 24151 | WizLab   | Identified the +1 cloak of the Gusle {rN+}
 24163 | WizLab   | Annihilated by an eldritch tentacle

Illustrated notes

Levels and vault maps discovered:
D:1:      amcnicky_arrival_wind_blow, layout_basic, shapermc_ecumenical_altar_gd
D:2:      layout_basic, serial_shops, shop, uniq_robin, uniq_natasha,
          uniq_jessica
D:3:      layout_basic, lemuel_doored_altar
D:4:      minmay_inner_zag, layout_basic, serial_corexii_hall,
          chequers_hall_statues_corner_a, corexii_hall_statues_l,
          corexii_hall_statues_x, chequers_hall_statues_corner_a, uniq_edmund,
          uniq_ijyb
D:5:      layout_loops_ring, minmay_temple_entry_glassed_door,
          gup_ossuary_entry_pyramid, nicolae_titane, uniq_crazy_yiuf_cottage
D:6:      layout_basic, ebering_ghost_xom, minmay_liquid_box,
          nicolae_wooded_promenade, minivault_1
D:7:      layout_basic, st_stairs_4, kennysheep_diamond, uniq_pikel,
          uniq_duvessa
D:8:      layout_basic
D:9:      layout_loops_corners, david_lair_generic, uniq_erica
D:10:     layout_rooms, david_orc_2, serial_shops, nicolae_square_shop,
          uniq_snorg
D:11:     layout_gridville
D:12:     layout_grid_maze, serial_shops, nicolae_shop_advertising_works
          [nicolae_subvault_shop_adworks], makhleb_altar_promises_db
D:13:     layout_basic, hangedman_vaults_entry_quadrant_bands, uniq_urug
D:14:     layout_roguey, nrook_guardian_serpent_ordinary
D:15:     hangedman_depths_entry_civil_slaughter, layout_basic, serial_glass,
          glass_columns_a, glass_columns_b, minmay_strange_pillars,
          due_unseen_surprise
Temple:   regret_index_temple_sigil_plot
Lair:1:   layout_big_grid, grunt_megastairs_4, uniq_joseph
Lair:2:   layout_regular_city, minmay_shoals_entry_beasts,
          minmay_snake_entry_guardpost_small
Lair:3:   layout_long_grid, grunt_megastairs_1
Lair:4:   layout_cave_pods, st_stairs_8, minivault_25, serial_bayou_shore_b,
          serial_bayou_shore_b, infiniplex_staircase_pool
Lair:5:   grunt_lair_end_beastmaster, layout_big_grid, slime_entry_1,
          guppyfry_lair_drakes, infiniplex_staircase_pool_2
Orc:1:    layout_diamond_mine, basic_altar, uniq_harold
Orc:2:    st_orc_mages, layout_diamond_mine, serial_shops, nicolae_diamond_shop,
          basic_altar, nicolae_volcano_entry_s_turn
Elf:1:    nicolae_elf_arrival_aired_out, layout_loops_cross, serial_shops,
          nicolae_shop_trees, shop, nicolae_shop_statue_plus, mu_enter_wizlab_4
WizLab:   wizlab_golubria

Skill      XL: |  1  2  3  4  5  6  7  8  9 10 11 12 13 14 15 16 |
---------------+-------------------------------------------------+-----
Ice Magic      | 1 2 3 5 6 8 |  8.0
Transmutations | 3 4 5 6 7 8 10 11 12 13 | 13.1
Unarmed Combat | 4 6 8 9 10 11 | 11.8
Fighting       | 2 3 5 6 7 8 9 |  9.7
Dodging        | 4 5 7 8 9 |  9.9
Invocations    | 5 8 10 12 | 12.0
Earth Magic    | 5 9 12 | 12.2
Air Magic      | 2 6 8 |  8.6
Spellcasting   | 5 6 |  6.6

Action                   |  1- 3 |  4- 6 |  7- 9 | 10-12 | 13-15 | 16-18 || total
-------------------------+-------+-------+-------+-------+-------+-------++-------
Melee: Unarmed           |    62 |   110 |   297 |   429 |   789 |   148 ||  1835
       Constrict         |    18 |    27 |    10 |     1 |    83 |       ||   139
       Kick              |    11 |    25 |     2 |     1 |       |       ||    39
       Tentacles         |    11 |    15 |     6 |     3 |    99 |     1 ||   135
       Punch             |     1 |     2 |       |     1 |    45 |    18 ||    67
       Tailslap          |       |       |       |       |    12 |    25 ||    37
       Bite              |       |       |       |       |     9 |    16 ||    25
Throw: Dart              |       |       |     2 |       |       |       ||     2
 Cast: Beastly Appendage |    14 |    16 |     4 |     1 |       |       ||    35
       Wereblood         |       |     2 |    12 |    17 |    34 |     9 ||    74
       Ice Form          |       |     6 |    24 |    38 |    20 |       ||    88
       Frozen Ramparts   |       |       |       |       |    39 |     5 ||    44
       Statue Form       |       |       |       |       |    38 |     1 ||    39
       Dragon Form       |       |       |       |       |    10 |    12 ||    22
Invok: Divine Shield     |       |       |       |     1 |     2 |       ||     3
       Summon Divine War |       |       |       |       |       |     1 ||     1
Evoke: Wand              |       |       |       |     4 |     1 |     1 ||     6
  Use: Potion            |       |     1 |       |       |       |       ||     1
       Scroll            |       |       |    14 |    10 |    13 |     1 ||    38
 Stab: Sleeping          |    10 |     4 |     3 |       |       |       ||    17
Armor: Skin              |     1 |    16 |    78 |    56 |   233 |    49 ||   433
Dodge: Dodged            |    29 |    39 |   132 |   350 |   917 |    98 ||  1565
Block: Other             |       |       |       |     2 |    10 |       ||    12

Table legend: (Time is in decaauts)
 A = Elapsed time spent in this place.
 B = Non-inter-level travel time spent in this place.
 C = Inter-level travel time spent in this place.
 D = Time resting spent in this place.
 E = Time spent auto-exploring this place.
 F = Levels seen in this place.
 G = Mean time per level.
                   A        B        C        D        E       F      G
               +--------+--------+--------+--------+--------+-----+--------+
         Total |  24865 |  23401 |   1464 |    646 |  17420 |  27 |  920.9 |
       Dungeon |  15415 |  14330 |   1085 |    232 |  11616 |  15 | 1027.7 |
        Temple |     71 |     49 |     22 |      0 |      9 |   1 |   71.0 |
          Lair |   5895 |   5653 |    242 |    414 |   3755 |   5 | 1179.0 |
  Orcish Mines |   1636 |   1523 |    113 |      0 |    914 |   2 |  818.0 |
   Elven Halls |    390 |    390 |      0 |      0 |    237 |   1 |  390.0 |
       Ossuary |    436 |    436 |      0 |      0 |    237 |   1 |  436.0 |
       Volcano |    311 |    311 |      0 |      0 |    215 |   1 |  311.0 |
        Wizlab |    707 |    707 |      0 |      0 |    436 |   1 |  707.0 |
               +--------+--------+--------+--------+--------+-----+--------+

Top non-repeatable levels by time:
     D:4: 1488 daAuts
     D:7: 1325 daAuts
  Lair:5: 1321 daAuts
  Lair:1: 1299 daAuts
     D:6: 1279 daAuts
    D:13: 1229 daAuts
  Lair:4: 1200 daAuts
     D:2: 1143 daAuts
    D:12: 1077 daAuts
  Lair:3: 1071 daAuts
     D:3: 1064 daAuts
     D:9: 1016 daAuts
  Lair:2: 1003 daAuts
     D:1: 977 daAuts
     D:5: 910 daAuts
